Map: Bel'Shir Vestige LE (Void)

Players

NORTHAMERICA

  • Race: Protoss Protoss
  • League: Grandmaster
  • Spawn Location: 5:00

IIIIIIIIIIII - Winner!

  • Race: Protoss Protoss
  • Spawn Location: 11:00

VOD

Have the link to the VOD?

Description

Time

  • Played on: April 4, 2017, 1:39 a.m.
  • Length: 5:25
Show
View Real Time Build Order
Export as new Build Order

NORTHAMERICA Protoss 

Build Orders:  

Get SALT Encoding   

  12  0:01  Probe (Chrono Boost)  
  13  0:11  Probe (Chrono Boost)  
  14  0:19  Pylon  
  14  0:22  Probe (Chrono Boost)  
  15  0:37  Probe (Chrono Boost)  
  15  0:38  Gateway  
  16  0:48  Probe (Chrono Boost)  
  16  0:49  Assimilator  
  17  0:54  Assimilator  
  17  0:58  Probe (Chrono Boost)  
  18  1:09  Probe (Chrono Boost), Gateway  
  19  1:19  Probe (Chrono Boost)  
  20  1:26  Cybernetics Core  
  20  1:30  Probe (Chrono Boost)  
  21  1:35  Pylon  
  21  1:40  Probe (Chrono Boost)  
  22  1:51  Probe (Chrono Boost)  
  22  1:52  Warp Gate  
  23  2:03  Stalker x2, Probe (Chrono Boost)  
  28  2:12  Pylon  
  28  2:19  Mothership Core (Chrono Boost)  
  30  2:36  Stalker x2  
  34  2:39  Probe (Chrono Boost)  
  35  2:59  Nexus  
  35  3:06  Pylon  
  35  3:12  Probe (Chrono Boost)  
  36  3:22  Sentry  
  36  3:23  Probe (Chrono Boost)  
  36  3:24  Sentry  
  41  3:33  Probe (Chrono Boost)  
  42  3:36  Robotics Facility  
  42  3:44  Probe (Chrono Boost)  
  43  3:48  Twilight Council  
  43  3:54  Probe (Chrono Boost)  
  44  4:05  Probe (Chrono Boost)  
  45  4:12  Probe (Chrono Boost)  
  45  4:16  Probe (Chrono Boost)  
  47  4:23  Probe (Chrono Boost)  
  48  4:26  Probe (Chrono Boost)  
  48  4:27  Stalker x2  
  53  4:32  Pylon  
  53  4:33  Probe (Chrono Boost)  
  50  4:39  Pylon  
  50  4:40  Pylon  
  38  5:12  Stalker x2  
Show
View Real Time Build Order
Export as new Build Order

IIIIIIIIIIII Protoss - Winner!

Build Orders:  

Get SALT Encoding   

  12  0:01  Probe (Chrono Boost)  
  13  0:11  Probe (Chrono Boost)  
  14  0:17  Pylon  
  14  0:22  Probe (Chrono Boost)  
  15  0:35  Probe (Chrono Boost), Gateway  
  16  0:41  Assimilator  
  16  0:46  Probe (Chrono Boost)  
  17  0:50  Assimilator  
  17  0:56  Probe (Chrono Boost)  
  18  1:07  Probe (Chrono Boost)  
  18  1:09  Gateway  
  19  1:17  Probe (Chrono Boost)  
  20  1:22  Cybernetics Core  
  20  1:28  Probe (Chrono Boost)  
  21  1:33  Pylon  
  21  1:38  Probe (Chrono Boost)  
  22  1:48  Warp Gate  
  22  1:59  Stalker x2  
  26  2:06  Mothership Core (Chrono Boost)  
  28  2:10  Pylon  
  28  2:22  Robotics Facility  
  28  2:31  Stalker  
  30  2:39  Stalker  
  32  2:48  Gateway  
  32  3:01  Stalker  
  32  3:04  Warp Prism  
  36  3:16  Stalker  
  38  3:26  Pylon  
  38  3:45  Pylon  
  38  3:51  Stalker x2  
  42  4:18  Stalker x2  
  42  4:19  Stalker  
  44  4:44  Stalker x3  
  38  5:15  Stalker x3  
Tags
 
Add a new tag
Caveats
  • Supply blocks, unpowered buildings, or Contaminate may cause inaccurate times.
  • Supply counts are checked every 10 seconds.